 Dungeon Crawl Stone Soup version 0.30-a0-743-gbfdf073431 (webtiles) character file.

Game seed: 4044139086480935014

166 jimonade the Shooter (level 5, -2/39 HPs)
             Began as a Formicid Hunter on Feb 7, 2023.
             Slain by a kobold brigand
             ... wielding a +0 dagger
              (3 damage)
             ... in a sewer.
             The game lasted 00:04:04 (1441 turns).

jimonade the Shooter (Formicid Hunter)              Turns: 1441, Time: 00:04:05

Health: -2/39      AC:  4    Str: 15    XL:     5   Next: 76%
Magic:  0/5        EV: 12    Int: 11    God:
Gold:   69         SH:  0    Dex: 17    Spells: 4/4 levels left

rFire   . . .      SeeInvis +    a - +0 shortbow
rCold   . . .      Faith    .    (no shield)
rNeg    . . .      Spirit   +    c - +0 leather armour
rPois   .          Reflect  .    (helmet unavailable)
rElec   .          Harm     .    h - +0 cloak
rCorr   .          Rampage  .    (no gloves)
Will    .....                    (no boots)
Stlth   ++                       l - amulet of guardian spirit
HPRegen 0.26/turn                (no ring)
MPRegen 0.09/turn                (no ring)

@: no status effects
A: permanent stasis, dig shafts and tunnels, antennae 3, four strong arms
a: Dig


You were in a sewer.
You visited 1 branch of the dungeon, and saw 3 of its levels.
You also visited: Sewer.

You collected 69 gold pieces.

Inventory:

Hand Weapons
 a - a +0 shortbow (weapon)
 f - a +0 sling
Armour
 c - a +0 leather armour (worn)
 h - a +0 cloak (worn)
Jewellery
 l - an amulet of guardian spirit (around neck)
Scrolls
 b - 3 scrolls of immolation
 e - a scroll of silence {unknown}
 g - 3 scrolls of identify {unknown}
Potions
 d - a potion of mutation {unknown}
 i - a potion of berserk rage
 j - a potion of heal wounds {unknown}
 k - a potion of attraction {unknown}
 m - a potion of cancellation {unknown}


   Skills:
 + Level 2.5 Fighting
 * Level 6.3 Ranged Weapons
 + Level 0.4 Armour
 + Level 1.8 Dodging
 + Level 1.2 Stealth


You had 4 spell levels left.
You didn't know any spells.
Your spell library contained the following spells:

 Spells                   Type           Power      Damage    Failure   Level
 Freeze                   Ice            0%         1d3       41%         1
 Summon Small Mammal      Summ           0%         N/A       41%         1
 Call Canine Familiar     Summ           0%         N/A       78%         3
 Frozen Ramparts          Ice            0%         1d1       78%         3
 Hailstorm                Conj/Ice       0%         3d3       78%         3
 Summon Guardian Golem    Hex/Summ       0%         N/A       78%         3


Dungeon Overview and Level Annotations

Branches:
Dungeon (3/15)              Sewer (1/1)

Altars:

Shops:
D:2 (*[:


Innate Abilities, Weirdness & Mutations

You cannot be hasted, slowed, berserked, paralysed or teleported.
You can dig through walls and to a lower floor.
You have a pair of large antennae on your head. (SInv)
Your four strong arms can wield two-handed weapons with a shield.


Message History

You are poisoned.
You shoot an arrow.
The arrow hits the kobold brigand but does no damage.
You feel sick.
You shoot an arrow. The arrow hits the kobold brigand.
The kobold brigand is lightly wounded.
You feel sick.
The kobold brigand drinks a potion.
The kobold brigand goes berserk!
You shoot an arrow.
The arrow closely misses the kobold brigand.
You feel sick.
The kobold brigand rages.
You shoot an arrow. The arrow hits the kobold brigand.
The kobold brigand is moderately wounded.
You feel sick.
You are no longer poisoned.
The kobold brigand barely misses you.
The kobold brigand hits you with a +0 dagger.
You shoot an arrow. The arrow hits the kobold brigand.
The kobold brigand is moderately wounded.
The kobold brigand hits you with a +0 dagger! x2
You are too injured to fight recklessly!
You are too injured to fight recklessly!
You are too injured to fight recklessly!
Fire: a) +0 shortbow
Press: ? - help, Q - select action, (/) - cycle Shift-Dir - straight line, f/p - kobold brigand
Aim: a kobold brigand, wielding a +0 dagger and quivering poisoned darts (moderately wounded, berserk, 58% to hit)
You shoot an arrow.
The arrow barely misses the kobold brigand.
The kobold brigand hits you with a +0 dagger!
* * * LOW HITPOINT WARNING * * *
The kobold brigand hits you with a +0 dagger.
* * * LOW HITPOINT WARNING * * *
Fire: a) +0 shortbow
Press: ? - help, Q - select action, (/) - cycle Shift-Dir - straight line, f/p - kobold brigand
Aim: a kobold brigand, wielding a +0 dagger and quivering poisoned darts (moderately wounded, berserk, 58% to hit)
You shoot an arrow.
The arrow completely misses the kobold brigand.
The kobold brigand hits you with a +0 dagger.
You die...

###############
#~~.'.~≈≈≈≈≈≈≈≈≈≈≈≈≈
#~~.#..≈≈≈≈≈≈≈≈≈≈≈≈≈
#~≈.#..~≈≈≈≈≈≈≈≈≈≈≈≈
#≈~.#.~~≈≈≈≈≈≈≈≈≈≈≈≈
##+++###≈†@#..~≈≈≈≈≈≈≈≈≈≈≈≈
##.....##≈KK#...≈~≈≈≈≈≈~≈≈≈≈
#...§..###)####.###≈##≈##≈##
+.§.....#)..#≈≈........)....
+..._.§.'...≈≈≈≈.........)..
+.§.....#...#≈≈.............
#...§..###.####.#~###~≈#≈###
##.....##≈≈.#...~≈≈~≈≈~≈≈≈≈
##'''###≈~.#...≈~≈≈≈≈≈≈≈≈≈≈


You could see a kobold brigand (berserk) and a kobold.

Vanquished Creatures
  A kobold brigand (Sewer)
  2 adders
  A shadow imp (Sewer)
  An ufetubus (Sewer)
  3 dart slugs
  2 bats
  2 bat zombies (Sewer)
  9 endoplasms
  2 giant cockroaches
  2 goblins
  3 hobgoblins
  16 kobolds
  3 quokkas
  4 ball pythons
  A giant cockroach zombie (Sewer)
  4 rats (D:2)
56 creatures vanquished.

Vanquished Creatures (others)
  An endoplasm (Sewer)
1 creature vanquished.

Grand Total: 57 creatures vanquished

Notes
Turn   | Place    | Note
-------+----------+-------------------------------------------
     0 | D:1      | jimonade the Formicid Hunter began the quest for the Orb.
     0 | D:1      | Reached XP level 1. HP: 16/16 MP: 1/1
   254 | D:1      | Reached XP level 2. HP: 21/22 MP: 2/2
   351 | D:1      | You fall into a shaft and drop 1 floor!
   386 | D:2      | Found Veapiku's Assorted Antiques.
   455 | D:2      | Reached XP level 3. HP: 27/27 MP: 3/3
   503 | D:2      | Found Iskiosu's Antique Armour Boutique.
   523 | D:2      | Found Xomas's Book Emporium.
   555 | D:2      | Reached skill level 5 in Ranged Weapons
   698 | D:2      | Found Yghadatt's Weapon Shop.
  1038 | D:3      | Reached XP level 4. HP: 34/34 MP: 4/4
  1097 | D:3      | Found a glowing drain.
  1106 | Sewer    | Entered a sewer
  1243 | Sewer    | Found a burning altar of Makhleb.
  1243 | Sewer    | Noticed a kobold brigand
  1259 | Sewer    | Killed a kobold brigand
  1260 | Sewer    | Reached skill level 6 in Ranged Weapons
  1260 | Sewer    | Reached XP level 5. HP: 9/39 MP: 1/5
  1423 | Sewer    | Noticed a kobold brigand
  1440 | Sewer    | HP: 1/39 [kobold brigand/+0 dagger (4)]
  1441 | Sewer    | Slain by a kobold brigand

Illustrated notes

Levels and vault maps discovered:
D:1:      sevenhm_arrival_forest_fort_large_1, layout_loops_corners
D:2:      layout_basic, serial_shops, shop_statue,
          nicolae_shop_bloodbath_and_beyond, shop, shop, kennysheep_small_spiral
D:3:      layout_loops_ring, portal_sewer_entry_d, dreamdust_princess_corridor,
          grunt_decor_fettered
Sewer:    kennysheep_sewer_church

Skill      XL: |  1  2  3  4 |
---------------+-------------+-----
Ranged Weapons | 5 6 |  6.3
Fighting       | |  2.5
Armour         | |  0.4
Dodging        | |  1.8
Stealth        | |  1.2

Action                     |  1- 3 |  4- 6 || total
---------------------------+-------+-------++-------
   Fire: Shortbow          |    75 |    79 ||   154
 Armour: Leather armour    |     6 |    15 ||    21
  Dodge: Dodged            |    13 |    36 ||    49

Table legend: (Time is in decaauts)
 A = Elapsed time spent in this place.
 B = Non-inter-level travel time spent in this place.
 C = Inter-level travel time spent in this place.
 D = Time resting spent in this place.
 E = Time spent auto-exploring this place.
 F = Levels seen in this place.
 G = Mean time per level.
                   A        B        C        D        E       F      G
               +--------+--------+--------+--------+--------+-----+--------+
         Total |   1488 |   1461 |     27 |    131 |    865 |   4 |  372.0 |
       Dungeon |   1135 |   1108 |     27 |      0 |    798 |   3 |  378.3 |
         Sewer |    353 |    353 |      0 |    131 |     67 |   1 |  353.0 |
               +--------+--------+--------+--------+--------+-----+--------+

Top non-repeatable levels by time:
     D:2: 653 daAuts
     D:1: 356 daAuts
   Sewer: 353 daAuts
     D:3: 125 daAuts
